 Dungeon Crawl Stone Soup version 0.27.1-2-g3b301248ec (webtiles) character file.

Game seed: 2296464777639559095

17026 Descartes the Grappler (level 12, -7/104 HPs)
             Began as a Troll Chaos Knight on Oct 5, 2021.
             Was a Plaything of Xom.
             Mangled by a two-headed ogre (22 damage)
             ... on level 1 of the Orcish Mines.
             The game lasted 00:23:34 (11018 turns).

Descartes the Grappler (Troll Chaos Knight)        Turns: 11018, Time: 00:23:35

Health: -7/104     AC: 13    Str: 27    XL:     12   Next: 15%
Magic:  0/18       EV: 11    Int: 12    God:    Xom [...*..]
Gold:   893        SH:  0    Dex: 11    Spells: 20/21 levels left

rFire    + . .     SeeInvis .     - Unarmed
rCold    . . .     Faith    .   (no shield)
rNeg     . . .     Spirit   +   d - +0 troll leather armour
rPois    .         Reflect  .   (helmet restricted)
rElec    .         Harm     .   (no cloak)
rCorr    .         Rampage  .   (gloves unavailable)
Will     ++...                  (boots unavailable)
Stlth    ++........             h - amulet of guardian spirit
HPRegen  2.27/turn              u - +4 ring of protection
MPRegen  0.16/turn              o - +6 ring of strength

@: no status effects
A: large, unfitting armour, claws 3, regeneration 1, shaggy fur 2, tough skin 1,
fangs 1, horns 1, iridescent scales 1, thin skeletal structure 1, fire
resistance 1, strong-willed 2, weak 1
a: Renounce Religion


You were on level 1 of the Orcish Mines.
You worshipped Xom.
You were a favourite toy of Xom.
You visited 3 branches of the dungeon, and saw 15 of its levels.

You collected 893 gold pieces.

Inventory:

Hand Weapons
 D - a +5 battleaxe
 F - the +8 dagger "Fikehop" {vorpal, rF+ Will+ MP+9}
   (You found it on level 8 of the Dungeon)

   It inflicts extra damage upon your enemies.
   rF:        It protects you from fire.
   MP:        It affects your magic capacity (+9).
   Will:      It increases your willpower.
Missiles
 f - 482 stones (quivered)
 g - 5 javelins
 i - 43 poisoned darts
 v - 13 large rocks
 A - 3 curare-tipped darts
 H - 2 boomerangs
Armour
 d - a +0 troll leather armour (worn)
 K - +0 acid dragon scales
 L - the +3 robe "Adej" {Dex+3}
   (Xom gifted it to you on level 9 of the Dungeon)

   Dex:       It affects your dexterity (+3).
Jewellery
 h - an amulet of guardian spirit (around neck)
 k - a ring of poison resistance
 o - a +6 ring of strength (right claw)
 u - a +4 ring of protection (left claw)
 z - a ring of resist corrosion
Wands
 j - a wand of charming (4)
 r - a wand of iceblast (13)
 x - a wand of flame (54)
 C - a wand of paralysis (14)
 G - a wand of mindburst (13)
Scrolls
 a - a scroll of magic mapping {unknown}
 c - 3 scrolls of amnesia
 e - 2 scrolls of blinking {unknown}
 m - 2 scrolls of enchant armour
 n - 6 scrolls of teleportation
 s - 2 scrolls of torment {unknown}
 t - 3 scrolls of enchant weapon
 w - a scroll of immolation {unknown}
 y - 3 scrolls of fear
 I - a scroll of vulnerability {unknown}
Potions
 b - 3 potions of magic
 l - 7 potions of curing
 p - a potion of lignification
 q - a potion of invisibility
 B - a potion of berserk rage {unknown}
 J - a potion of attraction {unknown}
Miscellaneous
 E - a lightning rod (2/4)


   Skills:
 - Level 2.4 Fighting
 - Level 5.0 Throwing
 - Level 5.0 Armour
 - Level 5.0 Dodging
 + Level 12.4 Unarmed Combat
 - Level 5.0 Spellcasting
 - Level 5.0 Transmutations
 - Level 5.0 Evocations


You had 20 spell levels left.
You knew the following spells:

 Your Spells              Type           Power      Damage    Failure   Level
a - Sting                 Tmut/Pois      36%        1d4       8%          1

Your spell library contained the following spells:

 Spells                   Type           Power      Damage    Failure   Level
 Shock                    Conj/Air       12%        1d3       22%         1
 Summon Small Mammal      Summ           12%        N/A       22%         1
 Poisonous Vapours        Pois/Air       6%         N/A       32%         2
 Static Discharge         Conj/Air       3%         N/A       32%         2
 Call Canine Familiar     Summ           3%         N/A       54%         3
 Inner Flame              Hex/Fire       3%         N/A       54%         3
 Summon Guardian Golem    Hex/Summ       3%         N/A       54%         3
 Swiftness                Air            3%         N/A       54%         3
 Airstrike                Air            1%         N/A       91%         4
 Cause Fear               Hex            1%         N/A       91%         4
 Dispel Undead            Necr           3%         3d7       91%         4
 Olgreb's Toxic Radiance  Pois           3%         N/A       91%         4
 Sticky Flame             Conj/Fire      3%         2d3       91%         4
 Summon Lightning Spire   Summ/Air       3%         N/A       91%         4
 Lightning Bolt           Conj/Air       1%         1d12      99%         5
 Summon Forest            Summ/Tloc      1%         N/A       99%         5
 Summon Mana Viper        Hex/Summ       3%         N/A       99%         5
 Shadow Creatures         Summ           N/A        N/A       100%        6
 Discord                  Hex            1%         N/A       100%        8


Dungeon Overview and Level Annotations

Branches:
Dungeon (12/15)            Temple (1/1) D:4            Lair (0/6) D:11
    Orc (2/2) D:9
    Elf: Orc:2

Altars:
Ashenzari
Cheibriados
Dithmenos
Elyvilon
Fedhas
Gozag
Hepliaklqana
Kikubaaqudgha
Makhleb
Nemelex Xobeh
Okawaru
Qazlal
Ru
Sif Muna
Trog
Uskayaw
Vehumet
Wu Jian
Xom
Yredelemnul
Zin
The Shining One

Shops:
Orc:2 ??

Annotations:
D:3 2 transporters
D:12 Frances


Innate Abilities, Weirdness & Mutations

You are too large for most types of armour.
You have claws for hands.
Your natural rate of healing is unusually fast.
You are covered in thick fur. (AC +2)
You have tough skin. (AC +1)
You have very sharp teeth.
You have a pair of small horns on your head.
You are partially covered in iridescent scales. (AC +2)
You have a somewhat thin skeletal structure. (Dex +2, Stealth+)
Your flesh is heat resistant. (rF+)
You are highly strong-willed. (Will++)
You are weak. (Str -2)


Message History

The two-headed ogre barely misses you.
The ogre mage points at the ogre and mumbles some strange words.
The ogre seems to speed up.
The two-headed ogre hits you with a +0 giant club!
The two-headed ogre hits you with a +0 giant spiked club.
A two-headed ogre comes into view.
It is wielding a +0 giant spiked club and a +0 giant club.
The ogre misses you. The ogre barely misses you. x2
The ogre mage casts a spell.
The ogre mage flickers and vanishes!
Deactivating autopickup; reactivate with Ctrl-A.
You hear a shout!
A two-headed ogre comes into view.
It is wielding two +0 giant spiked clubs.
There is a stone staircase leading up, spattered with blood here.
The two-headed ogre hits you with a +0 giant club!!
The two-headed ogre hits you with a +0 giant spiked club!
The two-headed ogre barely misses you.
The two-headed ogre completely misses you.
The ogre hits you with a +0 giant club!
* * * LOW HITPOINT WARNING * * *
The ogre hits you with a +0 giant spiked club.
* * * LOW HITPOINT WARNING * * *
The ogre mage hits you but does no damage.
You hear two shouts! x3
You climb upwards.
Reactivating autopickup.
There is a stone staircase leading down, spattered with blood here.
The two-headed ogre barely misses you. x2
Things that are here:
a +0 dire flail; a +0 giant spiked club The ogre hits you with a +0 giant club.
* * * LOW HITPOINT WARNING * * *
The ogre hits you with a +0 giant spiked club!
* * * LOW HITPOINT WARNING * * *
You see here a +0 club.
There is a staircase back to the Dungeon, spattered with blood here.
The two-headed ogre hits you with a +0 giant club!
* * * LOW HITPOINT WARNING * * *
The two-headed ogre hits you with a +0 giant spiked club!!
You die...
Xom howls with laughter!

#...##....####......##
##..###....#.##......#
#....#.#.#..........##
#....................#
##.#........>........#
###.........)O...#..##
##.........OO..#...##
##.#......OOO........#
#...........@)..#.#.##
##.........)....#####
##......[.....##
##....))....##
##........##
##......#..##
#......##...#
##.#..##...##
#######..##


You could see 2 two-headed ogres, an ogre mage and 3 ogres.

Vanquished Creatures
  A boulder beetle (D:12)
  A hydra (D:12)
  An ogre mage (Orc:1)
  5 two-headed ogres
  An ugly thing (D:11)
  2 cyclopes
  A manticore (D:12)
  An unseen horror (D:11)
  A komodo dragon (D:11)
  The ghost of brob1 the Ducker, a novice DjFE (D:5)
  2 trolls
  A meliai zombie (D:11)
  2 shadows (D:9)
  A vampire (D:12)
  A wyvern (D:9)
  11 yaks
  3 vampire mosquitoes (D:11)
  3 acid dragons
  Duvessa (D:7)
  An orc warrior (D:9)
  An ice beast (D:7)
  4 sky beasts
  4 black bears
  A necrophage (D:6)
  5 ogres
  12 centaurs
  3 phantoms
  2 kobold brigands
  2 bullfrogs
  2 scorpions (D:6)
  A gnoll sergeant (D:10)
  Dowan (D:7)
  A wyvern skeleton (D:7)
  A water moccasin skeleton (D:4)
  3 troll zombies (D:9)
  8 wights (D:8)
  3 howler monkeys (D:7)
  5 centaur zombies
  4 hounds
  4 orc priests
  A jelly (D:6)
  2 gnoll shamans
  A centaur skeleton (D:5)
  3 iguanas
  Natasha (D:2)
  4 orc wizards
  A killer bee zombie (D:7)
  5 ogre zombies (D:9)
  A howler monkey skeleton (D:7)
  3 howler monkey zombies
  21 gnolls
  4 adders
  A shadow imp (D:6)
  2 adder skeletons
  3 dart slugs
  23 orcs
  9 ball pythons
  An endoplasm (D:2)
  4 giant cockroaches
  4 goblins
  8 hobgoblins
  3 jackals (D:1)
  5 bats
  A frilled lizard (D:1)
  A goblin skeleton (D:9)
  2 goblin zombies (D:9)
  3 hobgoblin skeletons (D:9)
  3 hobgoblin zombies (D:9)
  9 kobolds
  4 orc skeletons (D:9)
  12 orc zombies (D:9)
  2 rats (D:2)
255 creatures vanquished.

Vanquished Creatures (collateral kills)
  A steam dragon (D:10)
  A centaur (D:6)
  A bullfrog (D:8)
  2 orcs (D:8)
5 creatures vanquished.

Vanquished Creatures (others)
  A water moccasin (D:6)
  24 plants (D:11)
25 creatures vanquished.

Grand Total: 285 creatures vanquished

Notes
Turn   | Place    | Note
-------+----------+-------------------------------------------
     0 | D:1      | Descartes the Troll Chaos Knight began the quest for the
                  | Orb.
     0 | D:1      | Reached XP level 1. HP: 22/22 MP: 0/0
    98 | D:1      | XOM: silly message
   119 | D:1      | XOM: smoke on damage
   121 | D:1      | Reached XP level 2. HP: 29/29 MP: 1/1
   316 | D:1      | Found a faded altar of an unknown god.
   603 | D:1      | XOM: silly message
   779 | D:2      | Reached skill level 1 in Armour
   862 | D:2      | XOM: potion effect (haste)
   867 | D:2      | Reached XP level 3. HP: 36/36 MP: 2/2
  1090 | D:2      | XOM: silly message
  1239 | D:2      | XOM: divination: magic mapping
  1310 | D:2      | Noticed Natasha
  1316 | D:2      | Killed Natasha
  1317 | D:2      | Reached XP level 4. HP: 34/44 MP: 3/3
  1605 | D:3      | Found a transporter.
  1646 | D:3      | XOM is BORED!
  1843 | D:3      | XOM: cloud trail
  1907 | D:3      | XOM: god gift: 28 gold pieces
  1955 | D:3      | Found a transporter.
  2140 | D:3      | Reached skill level 1 in Evocations
  2506 | D:3      | XOM: give mutation
  2506 | D:3      | Gained mutation: You expend magic power (3 MP) to
                  | strengthen your wands. [Xom's grace]
  2540 | D:4      | Noticed a black bear
  2547 | D:4      | Killed a black bear
  2548 | D:4      | Reached XP level 5. HP: 34/50 MP: 4/4
  2605 | D:4      | Reached skill level 4 in Unarmed Combat
  2759 | D:4      | Found a staircase to the Ecumenical Temple.
  2801 | D:4      | Reached skill level 1 in Spellcasting
  2801 | D:4      | Reached XP level 6. HP: 30/59 MP: 1/6
  2812 | D:4      | XOM: polymorph orc wizard -> iguana
  2830 | Temple   | Entered the Ecumenical Temple
  3225 | Temple   | XOM: polymorph butterfly -> bat
  3337 | D:4      | Identified the +2 pair of boots of a sewer {Drain Fly rN+}
  3552 | D:4      | XOM: give mutations
  3552 | D:4      | Gained mutation: You are robust. (+10% HP) [Xom's grace]
  3552 | D:4      | Gained mutation: Your mind is acute. (Int +2) [Xom's grace]
  3552 | D:4      | Gained mutation: You have a pair of small horns on your
                  | head. [Xom's grace]
  3552 | D:4      | Gained mutation: You are agile. (Dex +2) [Xom's grace]
  3745 | D:5      | Entered Level 5 of the Dungeon
  3801 | D:5      | XOM is BORED!
  3801 | D:5      | XOM: give mutation
  3801 | D:5      | Lost mutation: Your mind is acute. (Int +2) [Xom's
                  | mischief]
  3871 | D:5      | XOM: summons friendly quasit
  3872 | D:5      | XOM: butterfly on damage
  3919 | D:5      | Reached XP level 7. HP: 69/72 MP: 5/8
  3968 | D:5      | XOM: polymorph quasit -> crimson imp
  4004 | D:5      | Found a shimmering altar of Xom.
  4009 | D:5      | XOM: give mutations
  4009 | D:5      | Gained mutation: You are dopey. (Int -2) [Xom's mischief]
  4009 | D:5      | Gained mutation: You occasionally shout uncontrollably at
                  | your foes. [Xom's mischief]
  4009 | D:5      | Gained mutation: You are weak. (Str -2) [Xom's mischief]
  4102 | D:5      | Found a runed translucent gate.
  4102 | D:5      | Found a runed translucent gate.
  4103 | D:5      | Found a runed translucent gate.
  4103 | D:5      | Noticed brob1's ghost (novice DjFE)
  4343 | D:5      | XOM: give mutations
  4343 | D:5      | Gained mutation: You are strong-willed. (Will+) [Xom's
                  | grace]
  4343 | D:5      | Gained mutation: You are covered in thick fur. (AC +2)
                  | [Xom's grace]
  4343 | D:5      | Gained mutation: You are highly strong-willed. (Will++)
                  | [Xom's grace]
  4404 | D:5      | XOM: scenery: create altars
  4412 | D:5      | Killed brob1's ghost
  4413 | D:5      | Reached skill level 5 in Unarmed Combat
  4511 | D:6      | Reached XP level 8. HP: 78/81 MP: 10/10
  4518 | D:6      | XOM: enchant monster (good)
  4657 | D:6      | XOM: summons friendly ufetubus
  4832 | D:6      | XOM: give mutations
  4832 | D:6      | Gained mutation: You have a somewhat thin skeletal
                  | structure. (Dex +2, Stealth+) [Xom's grace]
  4832 | D:6      | Gained mutation: Your spells are a little harder to cast,
                  | but a little more powerful. [Xom's grace]
  4832 | D:6      | Gained mutation: Your flesh is heat resistant. (rF+) [Xom's
                  | grace]
  4916 | D:6      | XOM: divine lightning
  5164 | D:6      | XOM: divination: detect creatures
  5308 | D:6      | Reached skill level 6 in Unarmed Combat
  5461 | D:6      | XOM: scenery: create altars
  5852 | D:7      | XOM: polymorph orc priest -> howler monkey
  5879 | D:7      | Noticed Duvessa
  5881 | D:7      | Noticed Dowan
  5898 | D:7      | Killed Duvessa
  5899 | D:7      | Reached XP level 9. HP: 77/88 MP: 9/12
  5901 | D:7      | Killed Dowan
  5939 | D:7      | XOM: give mutations
  5939 | D:7      | Lost mutation: You are agile. (Dex +2) [Xom's mischief]
  5939 | D:7      | Lost mutation: You have a pair of small horns on your head.
                  | [Xom's mischief]
  5939 | D:7      | Lost mutation: You are dopey. (Int -2) [Xom's mischief]
  5939 | D:7      | Lost mutation: You are robust. (+10% HP) [Xom's mischief]
  6041 | D:7      | Reached skill level 5 in Dodging
  6043 | D:7      | XOM: confusion
  6044 | D:7      | XOM: enchant monster (bad)
  6058 | D:7      | XOM: swap monsters
  6070 | D:7      | XOM: chaos cloud
  6085 | D:7      | XOM: divination: magic mapping
  6119 | D:7      | XOM: give mutations
  6119 | D:7      | Lost mutation: Your spells are a little harder to cast, but
                  | a little more powerful. [Xom's mischief]
  6119 | D:7      | Lost mutation: You expend magic power (3 MP) to strengthen
                  | your wands. [Xom's mischief]
  6410 | D:8      | Noticed a two-headed ogre
  6416 | D:8      | XOM: enchant monster (good)
  6418 | D:8      | Reached skill level 5 in Armour
  6426 | D:8      | Killed a two-headed ogre
  6427 | D:8      | Reached skill level 7 in Unarmed Combat
  6480 | D:8      | XOM: cleaving
  6530 | D:8      | Reached skill level 5 in Evocations
  6565 | D:8      | Reached XP level 10. HP: 37/77 MP: 4/15
  6630 | D:8      | XOM: summons friendly white imp
  6641 | D:8      | XOM: cleaving
  6644 | D:8      | XOM: swap monsters
  6665 | D:8      | Identified the +8 dagger "Fikehop" {vorpal, rF+ Will+ MP+9}
  6717 | D:8      | XOM: summons friendly shadow imp
  6972 | D:8      | Reached skill level 8 in Unarmed Combat
  7018 | D:8      | Learned a level 1 spell: Sting
  7213 | D:9      | Identified the +1 ring mail "Hummafix" {+Inv rF- rCorr}
  7276 | D:9      | XOM: confusion (+ monsters)
  7303 | D:9      | Reached skill level 1 in Transmutations
  7311 | D:9      | XOM: enchant monster (bad)
  7375 | D:9      | Found a staircase to the Orcish Mines.
  7516 | D:9      | XOM: 2-stop teleportation journey
  7966 | D:10     | Entered Level 10 of the Dungeon
  7989 | D:10     | XOM: potion effect (might)
  7994 | D:10     | XOM: potion effect (haste)
  8191 | D:10     | XOM: silly message
  8213 | D:10     | Noticed a two-headed ogre
  8218 | D:10     | XOM: summons 2 friendly demons
  8219 | D:10     | Killed a two-headed ogre
  8220 | D:10     | Reached skill level 9 in Unarmed Combat
  8220 | D:10     | Reached skill level 5 in Spellcasting
  8279 | D:10     | XOM: cast spell 'Call Canine Familiar'
  8503 | D:10     | XOM: noise
  8504 | D:10     | XOM: blink monster(s)
  8623 | D:10     | XOM: confuse monster(s)
  8630 | D:10     | Reached XP level 11. HP: 94/94 MP: 15/17
  8887 | D:10     | XOM: give mutation
  8887 | D:10     | Lost mutation: You occasionally shout uncontrollably at
                  | your foes. [Xom's mischief]
  8976 | D:11     | Found a staircase to the Lair.
  8977 | D:11     | Noticed a white ugly thing
  8979 | D:11     | XOM: summons 3 hostile shadow creatures
  8982 | D:11     | XOM: torment (52/94 hp)
  8983 | D:11     | XOM: cast spell 'Chain of Chaos'
  8997 | D:11     | XOM: smoke on damage
  9027 | D:11     | XOM: polymorph white ugly thing -> brown ugly thing
  9039 | D:11     | Killed a brown ugly thing
  9047 | D:11     | Reached skill level 10 in Unarmed Combat
  9059 | D:11     | XOM: cleaving
  9065 | D:11     | XOM: divination: magic mapping
  9081 | D:11     | XOM: confuse monster(s)
  9082 | D:11     | XOM: summons friendly iron imp
  9083 | D:11     | XOM: potion effect (curing)
  9206 | D:11     | XOM: 2-stop teleportation journey
  9211 | D:11     | XOM: fog
  9224 | D:11     | Reached skill level 5 in Transmutations
  9506 | D:11     | Reached skill level 1 in Throwing
  9509 | D:11     | Reached skill level 11 in Unarmed Combat
  9510 | D:11     | XOM: confuse monster(s)
  9528 | D:11     | XOM: smoke on damage
 10066 | D:12     | Noticed a boulder beetle
 10097 | D:12     | Killed a boulder beetle
 10249 | D:12     | Noticed a four-headed hydra
 10259 | D:12     | Killed a four-headed hydra
 10359 | D:12     | XOM: enchant monster (good)
 10405 | D:12     | XOM: 1-stop teleportation journey
 10406 | D:12     | Noticed Frances
 10409 | D:12     | Noticed a soul eater
 10505 | Orc:1    | Entered Level 1 of the Orcish Mines
 10563 | D:9      | XOM: god gift: faintly glowing robe {god gift}
 10563 | D:9      | Identified the +3 robe "Adej" {Dex+3} (Xom gifted it to you
                  | on level 9 of the Dungeon)
 10760 | Orc:2    | Entered Level 2 of the Orcish Mines
 10760 | Orc:2    | Noticed an ogre mage
 10760 | Orc:2    | Noticed a two-headed ogre
 10760 | Orc:2    | Noticed a two-headed ogre
 10760 | Orc:2    | Noticed an ogre mage
 10760 | Orc:2    | Noticed a two-headed ogre
 10760 | Orc:2    | Found Duiw's Magic Scroll Shop.
 10760 | Orc:2    | Found Aheun's Magic Scroll Shoppe.
 10761 | Orc:2    | Noticed an ogre mage
 10762 | Orc:2    | Noticed a two-headed ogre
 10763 | Orc:2    | Noticed a two-headed ogre
 10763 | Orc:2    | Noticed a two-headed ogre
 10764 | Orc:2    | Noticed a two-headed ogre
 10764 | Orc:2    | Noticed a two-headed ogre
 10766 | Orc:2    | Noticed a two-headed ogre
 10773 | Orc:1    | Killed a two-headed ogre
 10803 | Orc:1    | XOM: give mutations
 10803 | Orc:1    | Gained mutation: You have a pair of small horns on your
                  | head. [Xom's grace]
 10803 | Orc:1    | Gained mutation: You are partially covered in iridescent
                  | scales. (AC +2) [Xom's grace]
 10803 | Orc:1    | Gained mutation: You have very sharp teeth. [Xom's grace]
 10813 | D:9      | XOM: god gift: 41 gold pieces
 10817 | D:9      | XOM: summons 5 friendly demons
 10825 | D:9      | Killed a two-headed ogre
 10826 | D:9      | Reached skill level 12 in Unarmed Combat
 10826 | D:9      | Reached XP level 12. HP: 83/104 MP: 7/18
 10908 | Orc:1    | Killed a two-headed ogre
 10909 | Orc:1    | Reached skill level 5 in Throwing
 10960 | Orc:1    | Killed an ogre mage
 11011 | Orc:2    | Noticed an ogre mage
 11011 | Orc:2    | Noticed a two-headed ogre
 11012 | Orc:2    | Noticed a two-headed ogre
 11018 | Orc:1    | Mangled by a two-headed ogre

Illustrated notes

Levels and vault maps discovered:
D:1:      lordsloth_arrival_two_stooges, layout_basic,
          shapermc_ecumenical_altar_totnotflames
D:2:      layout_basic, uniq_natasha
D:3:      gammafunk_steamed_eel, layout_basic, dk_noncrumbling_3,
          kennysheep_nondescript, minmay_distorted
D:4:      layout_basic, minmay_temple_entry_butterflies
D:5:      layout_loops_ring, mainiacjoe_overflow_chevrons,
          ebering_ghost_rock_garden, solitary_fountain, dk_noncrumbling_2
D:6:      layout_layer_cave, hex_large
D:7:      layout_basic, item_on_display_a, uniq_duvessa
D:8:      layout_cave_pools
D:9:      layout_basic, zombieorc2_lemuel
D:10:     layout_stronghold, hangedman_abyss_or_decor_clamps
D:11:     layout_loops_ring, david_lair_shrubbed, minmay_misc_feat_diagonals
D:12:     layout_loops_corners, uniq_frances, uniq_nergalle, uniq_fannar,
          uniq_josephine
Temple:   roderic_octagonal_lattice_temple
Orc:1:    layout_caves, uniq_erica, uniq_gastronok
Orc:2:    st_orc_ogre_mass, layout_caves, serial_shops, shop,
          minmay_orc_treasury

Skill      XL: |  1  2  3  4  5  6  7  8  9 10 11 12 |
---------------+-------------------------------------+-----
Dodging        | 2 3 4 5 |  5.0
Armour         | 1 2 3 4 5 |  5.0
Evocations     | 1 2 3 5 |  5.0
Unarmed Combat | 4 5 6 7 9 12 | 12.4
Spellcasting   | 1 2 4 5 |  5.0
Transmutations | 3 5 |  5.0
Throwing       | 4 5 |  5.0
Fighting       | |  2.4

Action                   |  1- 3 |  4- 6 |  7- 9 | 10-12 || total
-------------------------+-------+-------+-------+-------++-------
Melee: Unarmed           |    89 |   117 |   283 |   513 ||  1002
       Punch             |     1 |     2 |     4 |    39 ||    46
       Headbutt          |       |     5 |    32 |     2 ||    39
       Bite              |       |       |       |     4 ||     4
Evoke: Wand              |       |       |       |     7 ||     7
       Lightning rod     |       |       |       |     3 ||     3
  Use: Scroll            |       |       |       |    11 ||    11
       Potion            |       |       |       |     3 ||     3
 Stab: Sleeping          |       |       |     3 |     1 ||     4
       Confused          |       |       |     1 |     3 ||     4
       Paralysed         |       |       |     1 |     2 ||     3
Armor: Robe              |    37 |    42 |   132 |    86 ||   297
       Troll leather arm |       |       |       |   208 ||   208
Dodge: Dodged            |    70 |    58 |   138 |   335 ||   601
